[Event "ICC tourney 2161 (75 10)"]
[Site "Internet Chess Club"]
[Date "2020.11.27"]
[Round "1"]
[White "Surajo"]
[Black "mehtaaditya"]
[Result "1-0"]
[ICCResult "Black checkmated"]
[WhiteElo "1771"]
[BlackElo "1511"]
[Opening "Giuoco Piano"]
[ECO "C54"]
[NIC "IG.02"]
[Time "11:04:38"]
[PlyCount "51"]
[TimeControl "4500+10"]


1. e4 e5 2. Nf3 Nc6 3. Bc4 Bc5 4. c3 Nf6 5. d3 h6 6. a4 a5 7. h3 O-O 8. O-O
d5 9. exd5 Nxd5 10. Qb3 Nde7 11. Re1 Kh8 12. Nxe5 Nxe5 13. Rxe5 Bd6 14. Rh5
Nc6 15. d4 Re8 16. Be3 g6 17. Rxh6+ Kg7 18. Bxf7 Rxe3 19. Rxg6+ Kh7 20.
fxe3 Qe7 21. Qd1 Qxe3+ 22. Kh1 Bg4 23. Rxg4 Rf8 24. Qc2+ Kh8 25. Rh4+ Kg7
26. Qg6# { Black checkmated } 1-0

[Event "ICC tourney 2161 (75 10)"]
[Site "Internet Chess Club"]
[Date "2020.11.27"]
[Round "1"]
[White "CheddarCheng1"]
[Black "kittycat35"]
[Result "0-1"]
[ICCResult "White resigns"]
[WhiteElo "1463"]
[BlackElo "1717"]
[Opening "Giuoco Piano"]
[ECO "C50"]
[NIC "IG.02"]
[Time "11:04:12"]
[PlyCount "80"]
[TimeControl "4500+10"]


1. e4 e5 2. Nf3 Nc6 3. Bc4 Bc5 4. O-O Nf6 5. d3 d6 6. c3 Bg4 7. h3 Bh5 8.
b4 Bb6 9. a4 a6 10. Re1 O-O 11. Bg5 h6 12. Bh4 g5 13. Bg3 Kh7 14. Bh2 g4
15. hxg4 Bxg4 16. Bg3 Ne7 17. Nbd2 Ng6 18. Qb3 Qe7 19. d4 Nh5 20. Nh2 Bd7
21. Ndf1 exd4 22. cxd4 Bxd4 23. Rad1 Bb6 24. e5 dxe5 25. Qd3 Nxg3 26. Nxg3
Bxa4 27. Ra1 Bc6 28. Nf5 Qf6 29. Qh3 Nf4 30. Qxh6+ Qxh6 31. Nxh6 Kxh6 32.
Ng4+ Kg7 33. Rxe5 Ng6 34. Rg5 f6 35. Rh5 Rh8 36. Rxh8 Rxh8 37. Re1 Re8 38.
Rd1 Ne5 39. Nxe5 fxe5 40. Kf1 Rf8 { White resigns } 0-1

[Event "ICC tourney 2161 (75 10)"]
[Site "Internet Chess Club"]
[Date "2020.11.27"]
[Round "1"]
[White "fhunfi"]
[Black "stephenwilly"]
[Result "1-0"]
[ICCResult "Black checkmated"]
[WhiteElo "1698"]
[BlackElo "1445"]
[Opening "Ruy Lopez: Berlin defense"]
[ECO "C65"]
[NIC "RL.07"]
[Time "11:04:22"]
[PlyCount "121"]
[TimeControl "4500+10"]


1. e4 e5 2. Nf3 Nc6 3. Bb5 Nf6 4. Qe2 Bc5 5. c3 O-O 6. d3 d5 7. Bg5 Be7 8.
Bxc6 bxc6 9. Nxe5 Ba6 10. Nxc6 Qd6 11. Nxe7+ Qxe7 12. e5 Rfe8 13. f4 Qe6
14. Qf3 Qb6 15. b3 Nd7 16. d4 c6 17. Bh4 f6 18. Bf2 Qc7 19. Bg3 fxe5 20.
fxe5 Rf8 21. Qe3 Rae8 22. Nd2 Nf6 23. O-O-O Ng4 24. Qg5 Qa5 25. Kb2 Nh6 26.
Nf3 Rf5 27. Qd2 Rf7 28. Rhe1 Rb7 29. e6 Nf5 30. Nh4 Ne7 31. Bd6 Nc8 32. Nf5
Nb6 33. Ka1 Bc4 34. Bb4 Qb5 35. Nd6 Qa6 36. bxc4 Nxc4 37. Nxc4 Qxc4 38. Qe2
Rxb4 39. cxb4 Qc3+ 40. Qb2 Qxb2+ 41. Kxb2 Kf8 42. Re3 Rb8 43. Kc3 Ke7 44.
Rf1 Rf8 45. Rxf8 Kxf8 46. e7+ Ke8 47. a4 h5 48. h4 g6 49. b5 cxb5 50. axb5
g5 51. hxg5 a6 52. g6 axb5 53. g7 Kf7 54. e8=R Kxg7 55. Rf3 b4+ 56. Kxb4 h4
57. Re5 h3 58. Rg5+ Kh6 59. Rg8 Kh7 60. Rg4 h2 61. Rh3# { Black checkmated
} 1-0

[Event "ICC tourney 2161 (75 10)"]
[Site "Internet Chess Club"]
[Date "2020.11.27"]
[Round "1"]
[White "tightfist"]
[Black "hggonzalezzss"]
[Result "0-1"]
[ICCResult "White checkmated"]
[WhiteElo "1507"]
[BlackElo "1767"]
[Opening "Sicilian"]
[ECO "B54"]
[NIC "SI.01"]
[Time "11:04:39"]
[PlyCount "74"]
[TimeControl "4500+10"]


1. Nf3 c5 2. e4 d6 3. d4 cxd4 4. Nxd4 g6 5. Bc4 Bg7 6. O-O Nf6 7. f3 Qb6 8.
Kh1 O-O 9. c3 Bd7 10. Qb3 Qc7 11. Be3 Nc6 12. Nxc6 Bxc6 13. Bb5 d5 14. Bxc6
bxc6 15. exd5 cxd5 16. Na3 Rab8 17. Qc2 Rb7 18. Rab1 e5 19. Bxa7 Rxa7 20.
Nb5 Qc5 21. Nxa7 Qxa7 22. a3 d4 23. cxd4 exd4 24. Rfd1 Nd5 25. Rdc1 Ne3 26.
Qc5 Qa6 27. Re1 Rc8 28. Qg5 Bf6 29. Qg3 Rc2 30. Rg1 Qd3 31. Qe1 Re2 32. Qc1
Bh4 33. Qc8+ Kg7 34. g3 Nf5 35. Qc6 Qd2 36. Rgd1 Rxh2+ 37. Kg1 Qf2# { White
checkmated } 0-1

[Event "ICC tourney 2161 (75 10)"]
[Site "Internet Chess Club"]
[Date "2020.11.27"]
[Round "1"]
[White "Clairehouses"]
[Black "RockyWang"]
[Result "0-1"]
[ICCResult "White checkmated"]
[WhiteElo "1566"]
[BlackElo "1062"]
[Opening "QGD: Ragozin variation"]
[ECO "D38"]
[NIC "NI.27"]
[Time "11:04:49"]
[PlyCount "70"]
[TimeControl "4500+10"]


1. d4 d5 2. c4 Nf6 3. Nc3 e6 4. Nf3 Bb4 5. Bg5 h6 6. Bh4 O-O 7. e3 c6 8.
Qc2 Nbd7 9. Bd3 Qc7 10. O-O b6 11. a3 Bxc3 12. Qxc3 Bb7 13. c5 bxc5 14.
dxc5 Rae8 15. Bg3 e5 16. h3 Nh5 17. Bh2 f5 18. Nh4 Qd8 19. Nxf5 e4 20. Nd6
exd3 21. Nxb7 Qa8 22. Nd6 Re6 23. b4 Qd8 24. Qxd3 Ne5 25. Qc3 Qf6 26. Bxe5
Rxe5 27. Qd3 Qe6 28. Rab1 Rg5 29. Kh2 Rf6 30. Qd4 Rfg6 31. Rg1 Rg4 32. Qc3
Rh4 33. Qd3 Rxg2+ 34. Rxg2 Qxh3+ 35. Kg1 Qh1# { White checkmated } 0-1

[Event "ICC tourney 2161 (75 10)"]
[Site "Internet Chess Club"]
[Date "2020.11.27"]
[Round "1"]
[White "jason54312"]
[Black "Mapking1"]
[Result "0-1"]
[ICCResult "White resigns"]
[WhiteElo "1551"]
[BlackElo "1799"]
[Opening "Sicilian: dragon, Yugoslav attack, 10.O-O-O"]
[ECO "B78"]
[NIC "SI.18"]
[Time "11:04:26"]
[PlyCount "80"]
[TimeControl "4500+10"]


1. e4 c5 2. Nf3 d6 3. d4 cxd4 4. Nxd4 Nf6 5. Nc3 g6 6. Be3 Bg7 7. f3 O-O 8.
Bc4 Nc6 9. Qd2 Bd7 10. O-O-O Rc8 11. Bb3 Nxd4 12. Bxd4 b5 13. Nd5 Nxd5 14.
Bxg7 Kxg7 15. Qxd5 a5 16. c3 b4 17. Rd3 Kg8 18. Qd4 a4 19. Bc2 Bb5 20. Re3
Rc4 21. Qd2 Qb6 22. cxb4 Rxb4 23. Qxb4 Qxe3+ 24. Kb1 Rb8 25. Qc3 Qxc3 26.
bxc3 Bf1+ 27. Ka1 Bxg2 28. Rb1 Rxb1+ 29. Kxb1 Bxf3 30. Kb2 Kg7 31. Ka3 g5
32. Kxa4 h5 33. Kb5 f5 34. exf5 g4 35. a4 h4 36. a5 g3 37. hxg3 hxg3 38. a6
g2 39. Bd1 Bxd1 40. a7 Bf3 { White resigns } 0-1

[Event "ICC tourney 2161 (75 10)"]
[Site "Internet Chess Club"]
[Date "2020.11.27"]
[Round "1"]
[White "EW2006"]
[Black "ShanksGames"]
[Result "1-0"]
[ICCResult "Black resigns"]
[WhiteElo "1249"]
[BlackElo "1591"]
[Opening "French: exchange variation"]
[ECO "C01"]
[NIC "FR.01"]
[Time "11:04:23"]
[PlyCount "115"]
[TimeControl "4500+10"]


1. e4 e6 2. d4 d5 3. exd5 exd5 4. Nf3 Nc6 5. Nc3 Bg4 6. h3 Bh5 7. Be2 Bb4
8. a3 Ba5 9. Be3 h6 10. O-O Nf6 11. Ne5 Bxe2 12. Qxe2 O-O 13. Nxc6 bxc6 14.
b4 Bb6 15. Na4 Re8 16. Qd3 Ne4 17. Nc5 Bxc5 18. bxc5 Qh4 19. f3 Ng3 20. Bf2
Qf4 21. Bxg3 Qxg3 22. Rab1 Re7 23. Qd2 Rae8 24. Qf2 Qg6 25. Rfe1 Rxe1+ 26.
Rxe1 Rxe1+ 27. Qxe1 Qxc2 28. Qe8+ Kh7 29. Qxf7 Qd1+ 30. Kh2 Qxd4 31. Qf5+
Kg8 32. Qc8+ Kh7 33. Qf5+ g6 34. Qd7+ Qg7 35. Qxc6 d4 36. Qd5 d3 37. c6 h5
38. Qxd3 Qe5+ 39. g3 Kg7 40. f4 Qb2+ 41. Kg1 Qc1+ 42. Kh2 Qxc6 43. Qd4+ Kf7
44. Qxa7 Qb6 45. Qxb6 cxb6 46. Kg2 Ke6 47. Kf3 Kd5 48. g4 h4 49. f5 gxf5
50. gxf5 Ke5 51. Kg4 b5 52. Kg5 Kd6 53. Kg6 Ke7 54. Kg7 Kd6 55. f6 Kc5 56.
f7 Kc4 57. f8=Q Kb3 58. Qb4+ { Black resigns } 1-0

[Event "ICC tourney 2161 (75 10)"]
[Site "Internet Chess Club"]
[Date "2020.11.27"]
[Round "1"]
[White "kirikiri007"]
[Black "smartgoldfish"]
[Result "1/2-1/2"]
[ICCResult "Game drawn by mutual agreement"]
[WhiteElo "1577"]
[BlackElo "1202"]
[Opening "Giuoco Piano"]
[ECO "C54"]
[NIC "IG.02"]
[Time "11:04:44"]
[PlyCount "99"]
[TimeControl "4500+10"]


1. e4 e5 2. Nf3 Nc6 3. Bc4 Bc5 4. c3 Nf6 5. d4 exd4 6. cxd4 Bb4+ 7. Bd2
Bxd2+ 8. Nbxd2 d5 9. exd5 Nxd5 10. O-O O-O 11. Rc1 Nb6 12. Bb3 Nxd4 13.
Nxd4 Qxd4 14. Rxc7 Qxb2 15. Qf3 Bd7 16. Rc2 Qe5 17. Qxb7 Be6 18. Rfc1 Rfd8
19. Nf3 Qd6 20. h3 Bxb3 21. axb3 Qf4 22. Qc7 Qxc7 23. Rxc7 Rac8 24. Ng5 Rf8
25. Ne4 Rfd8 26. Ng5 Rf8 27. Nf3 Rfd8 28. Ne5 Rf8 29. Nd7 Nxd7 30. Rxc8 a5
31. Rxf8+ Kxf8 32. Ra1 Nc5 33. Rxa5 Nxb3 34. Ra7 Nd4 35. g4 Ne6 36. Kh2 g6
37. Kg3 Kg7 38. f4 Kf6 39. g5+ Kg7 40. Kg4 Nd4 41. h4 Ne6 42. Kf3 Nd4+ 43.
Ke4 Nf5 44. Kf3 Nxh4+ 45. Kg4 Nf5 46. Rc7 h6 47. gxh6+ Nxh6+ 48. Kg5 Nf5
49. Rd7 Nh6 50. Ra7 { Game drawn by mutual agreement } 1/2-1/2

[Event "ICC tourney 2161 (75 10)"]
[Site "Internet Chess Club"]
[Date "2020.11.27"]
[Round "1"]
[White "Dhruti813kob36"]
[Black "bombsquad"]
[Result "1-0"]
[ICCResult "Black checkmated"]
[WhiteElo "1427"]
[BlackElo "1682"]
[Opening "Scandinavian defense"]
[ECO "B01"]
[NIC "SD.03"]
[Time "11:04:11"]
[PlyCount "79"]
[TimeControl "4500+10"]


1. e4 d5 2. exd5 Nf6 3. Nf3 Nxd5 4. d4 Bg4 5. c3 e6 6. Bd3 c5 7. dxc5 Bxc5
8. Qa4+ Nc6 9. Qxg4 Qc7 10. Qxg7 O-O-O 11. O-O h5 12. Qg3 Bd6 13. Qh4 Rdg8
14. h3 Rg7 15. Kh1 Bf4 16. c4 Bxc1 17. cxd5 Bxb2 18. dxc6 Bxa1 19. cxb7+
Kb8 20. Nbd2 Bb2 21. Nc4 Bc3 22. a3 Rhg8 23. g3 e5 24. Rc1 Qc5 25. Rxc3
Qxf2 26. Ncxe5 f6 27. Qxf6 Qb6 28. Nc6+ Kxb7 29. Nd8+ Qxd8 30. Qc6+ Kb8 31.
Rb3+ Qb6 32. Rxb6+ axb6 33. Qxb6+ Rb7 34. Qd6+ Ka7 35. Qc5+ Kb8 36. Ne5 Rc7
37. Qb6+ Rb7 38. Nc6+ Kc8 39. Bf5+ Rd7 40. Qb8# { Black checkmated } 1-0

[Event "ICC tourney 2161 (75 10)"]
[Site "Internet Chess Club"]
[Date "2020.11.27"]
[Round "1"]
[White "UltimateDL"]
[Black "joeandjoe56"]
[Result "0-1"]
[ICCResult "White checkmated"]
[WhiteElo "1480"]
[BlackElo "1736"]
[Opening "Scotch: Potter variation"]
[ECO "C45"]
[NIC "SO.05"]
[Time "11:04:31"]
[PlyCount "128"]
[TimeControl "4500+10"]


1. e4 e5 2. Nf3 Nc6 3. d4 exd4 4. Nxd4 Bc5 5. Nb3 Bb6 6. Nc3 Nf6 7. Qe2 O-O
8. Be3 Re8 9. Bxb6 axb6 10. O-O-O Qe7 11. f3 d6 12. g4 Be6 13. h4 Bxb3 14.
cxb3 Qe5 15. g5 Nh5 16. Qe3 Nb4 17. a3 Na6 18. Nd5 Nc5 19. Nxc7 Rac8 20.
Rd5 Nxb3+ 21. Kb1 Qf4 22. Qxb3 Rxc7 23. Bc4 Ng3 24. Rhd1 Qxh4 25. Rxd6 Qxg5
26. Rd7 Rxd7 27. Rxd7 Rf8 28. Rxf7 Rxf7 29. Bxf7+ Kf8 30. Qe6 Qe7 31. Qxe7+
Kxe7 32. Bd5 h5 33. f4 h4 34. e5 h3 35. Kc2 h2 36. Bxb7 h1=Q 37. Bxh1 Nxh1
38. Kd3 Ng3 39. Ke3 Ke6 40. Kf3 Nf5 41. Ke4 Ne7 42. a4 g6 43. b3 Nc6 44.
Ke3 Kf5 45. Kf3 Nd4+ 46. Ke3 Nxb3 47. Kf3 Nc5 48. Ke3 Nxa4 49. e6 Kxe6 50.
Kd4 Kf5 51. Ke3 b5 52. Kd2 Kxf4 53. Kd3 g5 54. Kd4 g4 55. Kd3 g3 56. Ke2 b4
57. Kd2 g2 58. Kc2 g1=Q 59. Kb3 Qb1+ 60. Kc4 b3 61. Kb4 b2 62. Kb3 Qd1+ 63.
Ka2 b1=Q+ 64. Ka3 Qdb3# { White checkmated } 0-1

[Event "ICC tourney 2161 (75 10)"]
[Site "Internet Chess Club"]
[Date "2020.11.27"]
[Round "1"]
[White "charismaticl33"]
[Black "SunnyCountry"]
[Result "1-0"]
[ICCResult "Black checkmated"]
[WhiteElo "1625"]
[BlackElo "1313"]
[Opening "Sicilian: Najdorf, Lipnitzky attack"]
[ECO "B86"]
[NIC "SI.13"]
[Time "11:04:29"]
[PlyCount "113"]
[TimeControl "4500+10"]


1. e4 c5 2. Nf3 d6 3. d4 cxd4 4. Nxd4 Nf6 5. Nc3 a6 6. Bc4 e6 7. Bb3 Nc6 8.
f4 Qc7 9. O-O Be7 10. Nxc6 bxc6 11. f5 e5 12. Bg5 Bb7 13. Qd2 Rd8 14. Rad1
h6 15. Bh4 c5 16. Ba4+ Bc6 17. Bxf6 Bxf6 18. Nd5 Qd7 19. Nxf6+ gxf6 20.
Bxc6 Qxc6 21. Qe3 h5 22. Rd3 Ke7 23. Rf3 Rhg8 24. Ra3 Qb6 25. Rb3 Qa7 26.
Kh1 Rb8 27. h3 Rg5 28. Rxb8 Qxb8 29. Qb3 Qc8 30. Qb6 h4 31. Ra3 Rg3 32.
Rxa6 Qd8 33. Qxd8+ Kxd8 34. Rxd6+ Ke7 35. Rd3 Rxd3 36. cxd3 Kd6 37. g3 hxg3
38. Kg2 c4 39. dxc4 Kc5 40. Kxg3 Kxc4 41. Kf3 Kd4 42. a4 Kc4 43. b3+ Kb4
44. h4 Kxb3 45. a5 Kc4 46. a6 Kd3 47. a7 Kd2 48. a8=Q Kd3 49. h5 Kd2 50. h6
Kc3 51. h7 Kd3 52. h8=Q Kc4 53. Qxf6 Kd3 54. Qd5+ Kc3 55. Qfc6+ Kb4 56.
Qdb5+ Ka3 57. Qca6# { Black checkmated } 1-0

[Event "ICC tourney 2161 (75 10)"]
[Site "Internet Chess Club"]
[Date "2020.11.27"]
[Round "1"]
[White "MYMChessWyatt"]
[Black "chessmaster0981"]
[Result "0-1"]
[ICCResult "White checkmated"]
[WhiteElo "1215"]
[BlackElo "1579"]
[Opening "French: Steinitz, Boleslavsky variation"]
[ECO "C11"]
[NIC "FR.04"]
[Time "11:04:20"]
[PlyCount "116"]
[TimeControl "4500+10"]


1. e4 e6 2. d4 d5 3. Nc3 Nf6 4. e5 Nfd7 5. f4 c5 6. Nf3 Nc6 7. Be3 Be7 8.
Be2 Qb6 9. Na4 Qa5+ 10. c3 cxd4 11. b4 Qc7 12. Nxd4 Nxd4 13. Bxd4 b6 14.
Bb5 Bb7 15. O-O O-O 16. Rf3 f6 17. Rh3 fxe5 18. fxe5 Rf7 19. Bd3 g6 20. Qg4
Nxe5 21. Qxe6 Nxd3 22. Qxg6+ Kf8 23. Rxh7 Rxh7 24. Rf1+ Nf4 25. Qxh7 Ke8
26. Qg8+ Kd7 27. Qg4+ Ne6 28. Re1 Qc6 29. b5 Qd6 30. Be5 Qa3 31. Bg3 Bc5+
32. Kh1 Re8 33. h4 Qxa2 34. Rf1 d4 35. Nxc5+ bxc5 36. Rf2 Qa1+ 37. Kh2 d3
38. Rf7+ Re7 39. Rxe7+ Kxe7 40. Qh5 Be4 41. Qe5 Bg6 42. h5 d2 43. Qd6+ Kf6
44. Be5+ Kf5 45. g4+ Ke4 46. Qxe6 d1=Q 47. Bg3+ Kf3 48. Qf6+ Ke2 49. Qe5+
Kd3 50. Qd5+ Kc2 51. Qg2+ Qd2 52. Qxd2+ Kxd2 53. hxg6 Qxc3 54. Bf4+ Ke2 55.
g7 Qxg7 56. g5 Kf2 57. Kh3 Kf3 58. Be3 Qh7# { White checkmated } 0-1

[Event "ICC tourney 2161 (75 10)"]
[Site "Internet Chess Club"]
[Date "2020.11.27"]
[Round "1"]
[White "Maanast"]
[Black "Vinny773175"]
[Result "1-0"]
[ICCResult "Black resigns"]
[WhiteElo "1543"]
[BlackElo "1782"]
[Opening "QGD Slav defense"]
[ECO "D10"]
[NIC "SL.01"]
[Time "11:04:35"]
[PlyCount "53"]
[TimeControl "4500+10"]


1. d4 d5 2. c4 c6 3. Nc3 Nf6 4. Bg5 h6 5. Bh4 e6 6. e3 Be7 7. Bd3 Nbd7 8.
Nf3 O-O 9. O-O b6 10. Rc1 Bb7 11. Qb3 Rc8 12. Qa4 a6 13. Qb3 c5 14. Bxf6
Bxf6 15. cxd5 cxd4 16. exd4 exd5 17. Nxd5 Rxc1 18. Rxc1 Bxd4 19. Nxd4 Nc5
20. Rxc5 bxc5 21. Qxb7 cxd4 22. Bxa6 Qd6 23. Bc4 Rb8 24. Nf6+ gxf6 25.
Qxf7+ Kh8 26. Bd3 f5 27. Bxf5 { Black resigns } 1-0

[Event "ICC tourney 2161 (75 10)"]
[Site "Internet Chess Club"]
[Date "2020.11.27"]
[Round "1"]
[White "MikeWMason"]
[Black "Eagle2020"]
[Result "1/2-1/2"]
[ICCResult "Game drawn by mutual agreement"]
[WhiteElo "1762"]
[BlackElo "1505"]
[Opening "QGD: 4.Bg5 Be7"]
[ECO "D53"]
[NIC "QO.13"]
[Time "11:04:34"]
[PlyCount "99"]
[TimeControl "4500+10"]


1. d4 e6 2. c4 d5 3. Nc3 Nf6 4. Bg5 Be7 5. Nf3 a6 6. e3 c5 7. Be2 Nc6 8.
O-O O-O 9. a3 b6 10. Qc2 h6 11. Bh4 cxd4 12. exd4 dxc4 13. Rfd1 b5 14. b3
Na5 15. bxc4 Nxc4 16. a4 Bd7 17. Ne5 Rc8 18. axb5 axb5 19. Qb3 Nxe5 20.
dxe5 Nd5 21. Bxe7 Rxc3 22. Qxd5 exd5 23. Bxd8 Rxd8 24. Rxd5 b4 25. Rb1 b3
26. f4 Rc7 27. Rxb3 Rdc8 28. Rbd3 Be6 29. Rd8+ Kh7 30. Rxc8 Rxc8 31. Rd2
Kg6 32. g4 f5 33. Bd3 Rc1+ 34. Kf2 Rh1 35. gxf5+ Bxf5 36. Kg2 Rc1 37. Bxf5+
Kxf5 38. Re2 Kxf4 39. e6 Rc8 40. e7 Re8 41. Rf2+ Ke5 42. Rf7 Ke6 43. Rxg7
Rxe7 44. Rg6+ Kf5 45. Rxh6 Rg7+ 46. Kf3 Rg1 47. Rh5+ Rg5 48. Rh4 Kg6 49.
Ra4 Rg1 50. Rg4+ { Game drawn by mutual agreement } 1/2-1/2

[Event "ICC tourney 2161 (75 10)"]
[Site "Internet Chess Club"]
[Date "2020.11.27"]
[Round "1"]
[White "attalone"]
[Black "beibeiolivia"]
[Result "0-1"]
[ICCResult "White resigns"]
[WhiteElo "1700"]
[BlackElo "1455"]
[Opening "QGD semi-Slav"]
[ECO "D43"]
[NIC "SL.03"]
[Time "11:04:26"]
[PlyCount "152"]
[TimeControl "4500+10"]


1. d4 d5 2. c4 c6 3. Nc3 Nf6 4. Nf3 e6 5. Bg5 Be7 6. e3 O-O 7. Bd3 Nbd7 8.
O-O h6 9. Bh4 c5 10. cxd5 exd5 11. Bg3 c4 12. Bc2 Nb6 13. Ne5 Bd6 14. f4
Re8 15. Re1 Be6 16. Nb5 Bb4 17. Nc3 Nbd7 18. Rf1 Nb6 19. Be1 Bd6 20. Nb5
Bf8 21. Nc3 Nfd7 22. Qb1 Nf6 23. Na4 Bd7 24. Nc3 Bd6 25. Bh4 Be7 26. Re1
Ng4 27. Bg3 Bd6 28. h3 Nf6 29. Bh4 Be7 30. Bg3 Bd6 31. Bf5 Bc8 32. Bxc8
Rxc8 33. Qf5 Bb4 34. Rec1 Bxc3 35. bxc3 Nbd7 36. Rab1 Rc7 37. Rb4 b6 38.
Rb5 Nxe5 39. fxe5 Ne4 40. Be1 Qd7 41. Qxd7 Rxd7 42. a4 Re6 43. a5 f6 44.
axb6 Rxb6 45. Rxb6 axb6 46. Rb1 fxe5 47. Rxb6 Re7 48. Rb8+ Kf7 49. Rb5 exd4
50. exd4 Nd6 51. Rb1 g5 52. Bg3 Ne4 53. Rf1+ Kg6 54. Rf3 Rf7 55. Re3 h5 56.
Be5 Rb7 57. Kh2 Rb3 58. Rf3 Rxc3 59. Rf8 Rb3 60. Rg8+ Kf7 61. Rg7+ Ke6 62.
Rg6+ Kf5 63. Rg8 c3 64. Rf8+ Ke6 65. Rc8 Rb4 66. Rc6+ Kf5 67. Rc8 Rc4 68.
Rf8+ Ke6 69. Re8+ Kf7 70. Ra8 c2 71. Ra7+ Ke6 72. Ra6+ Kf5 73. g4+ hxg4 74.
hxg4+ Kxg4 75. Ra2 c1=Q 76. Rg2+ Kf5 { White resigns } 0-1

[Event "ICC tourney 2161 (75 10)"]
[Site "Internet Chess Club"]
[Date "2020.11.27"]
[Round "1"]
[White "sidb123"]
[Black "mrerikchin"]
[Result "0-1"]
[ICCResult "White checkmated"]
[WhiteElo "1389"]
[BlackElo "1636"]
[Opening "Sicilian defense"]
[ECO "B30"]
[NIC "SI.31"]
[Time "11:04:20"]
[PlyCount "120"]
[TimeControl "4500+10"]


1. e4 c5 2. Nf3 Nc6 3. Nc3 g6 4. Bc4 Bg7 5. O-O e6 6. Re1 Nge7 7. d3 O-O 8.
a3 h6 9. Be3 d5 10. exd5 exd5 11. Bxc5 dxc4 12. dxc4 Be6 13. Qxd8 Rfxd8 14.
Nb5 b6 15. Be3 Bxc4 16. Nc3 Nf5 17. Bd2 Nfd4 18. Nxd4 Nxd4 19. Rac1 Nf3+
20. gxf3 Rxd2 21. Ne4 Re2 22. Rxe2 Bxe2 23. c3 Bxf3 24. Nd2 Bc6 25. Re1 Re8
26. Rxe8+ Bxe8 27. Kf1 f5 28. Kg2 Kf7 29. Nc4 Ke6 30. Kf3 Bc6+ 31. Ke3 g5
32. f3 f4+ 33. Kf2 Kd5 34. Nd2 Bf8 35. Kg2 Bc5 36. Ne4 Ke5 37. Nd2 Be3 38.
Nb1 Ba4 39. c4 Bb3 40. Nc3 Bxc4 41. Nd1 Kd4 42. Nc3 Bc1 43. Nd1 Kd3 44. Kf2
Kd2 45. Nc3 Bxb2 46. Ne4+ Kd3 47. Nd6 Bxa3 48. Nc8 b5 49. Ke1 b4 50. Nxa7
b3 51. Nc6 b2 52. Ne5+ Kc3 53. Nxc4 Kxc4 54. h4 b1=Q+ 55. Kf2 Bc5+ 56. Kg2
Qc2+ 57. Kh3 gxh4 58. Kg4 Be3 59. Kxh4 Qg6 60. Kh3 Qg3# { White checkmated
} 0-1

[Event "ICC tourney 2161 (75 10)"]
[Site "Internet Chess Club"]
[Date "2020.11.27"]
[Round "1"]
[White "ajedrez7"]
[Black "narayan0811"]
[Result "1-0"]
[ICCResult "Black checkmated"]
[WhiteElo "1633"]
[BlackElo "1371"]
[Opening "French: Tarrasch, open variation"]
[ECO "C07"]
[NIC "FR.18"]
[Time "11:04:41"]
[PlyCount "107"]
[TimeControl "4500+10"]


1. e4 e6 2. d4 d5 3. Nd2 c5 4. Ngf3 Nc6 5. Bb5 a6 6. Bxc6+ bxc6 7. c3 cxd4
8. Qa4 dxc3 9. Qxc6+ Bd7 10. Qxc3 Rc8 11. Qe3 Bc5 12. Qf4 Nf6 13. O-O dxe4
14. Nxe4 Nxe4 15. Qxe4 Bb5 16. Bg5 Qb6 17. b4 Bxf1 18. bxc5 Qxc5 19. Rxf1
O-O 20. h3 h6 21. Be3 Qc4 22. Qe5 Qd5 23. Qg3 Kh7 24. Bd4 Rg8 25. Re1 f6
26. Be3 Qd7 27. Nh4 Qf7 28. a4 Rc4 29. a5 Qh5 30. Nf3 Qxa5 31. Qd6 e5 32.
Qd3+ e4 33. Qxc4 exf3 34. Rd1 fxg2 35. Qe4+ f5 36. Qxg2 Rd8 37. Rxd8 Qxd8
38. Qc6 Qd1+ 39. Kg2 Qd3 40. Qc1 g5 41. Qd2 Qe4+ 42. f3 Qe6 43. Bf2 g4 44.
hxg4 fxg4 45. f4 a5 46. Qd3+ Kg8 47. f5 Qc6+ 48. Kg3 h5 49. Kh4 Qe8 50. Kg5
a4 51. Qc4+ Kh7 52. Bd4 a3 53. Qc7+ Kg8 54. Qg7# { Black checkmated } 1-0

[Event "ICC tourney 2161 (75 10)"]
[Site "Internet Chess Club"]
[Date "2020.11.27"]
[Round "1"]
[White "tcrgm"]
[Black "handsomematch"]
[Result "1-0"]
[ICCResult "Black resigns"]
[WhiteElo "1582"]
[BlackElo "1222"]
[Opening "Giuoco Piano"]
[ECO "C54"]
[NIC "IG.02"]
[Time "11:04:19"]
[PlyCount "63"]
[TimeControl "4500+10"]


1. e4 e5 2. Nf3 Nc6 3. Bc4 Bc5 4. c3 Nf6 5. d4 exd4 6. cxd4 Bb4+ 7. Bd2
Nxe4 8. Bxb4 Nxb4 9. Bxf7+ Kxf7 10. Qb3+ d5 11. Qxb4 Rf8 12. O-O Kg8 13.
Qb3 Qd6 14. Re1 Bg4 15. Rxe4 Bxf3 16. gxf3 Rae8 17. Nc3 c6 18. Rxe8 Rxe8
19. Ne4 Qg6+ 20. Ng3 Re7 21. Qc3 h5 22. h4 Qf6 23. Kg2 Rf7 24. Nxh5 Qxh4
25. Rh1 Qg5+ 26. Ng3 Qf6 27. Qd3 Qg5 28. Qh7+ Kf8 29. Qh8+ Ke7 30. Re1+ Kf6
31. Re5 Qg6 32. Qh4+ { Black resigns } 1-0

[Event "ICC tourney 2161 (75 10)"]
[Site "Internet Chess Club"]
[Date "2020.11.27"]
[Round "1"]
[White "FlowingMelody"]
[Black "TigerSahi"]
[Result "0-1"]
[ICCResult "White resigns"]
[WhiteElo "1317"]
[BlackElo "1627"]
[Opening "Ruy Lopez: closed, Breyer, Borisenko variation"]
[ECO "C95"]
[NIC "RL.25"]
[Time "11:04:21"]
[PlyCount "130"]
[TimeControl "4500+10"]


1. e4 e5 2. Nf3 Nc6 3. Bb5 a6 4. Ba4 Nf6 5. O-O Be7 6. Re1 b5 7. Bb3 d6 8.
c3 O-O 9. h3 Nb8 10. d4 Nbd7 11. Nbd2 Bb7 12. Bc2 Re8 13. Nf1 Bf8 14. Ng3
g6 15. Bg5 Bg7 16. Qd2 Rc8 17. Bh6 c5 18. d5 c4 19. Qg5 Bxh6 20. Qxh6 Qe7
21. Qg5 Kh8 22. Nh4 Rg8 23. Nf3 a5 24. a3 Qd8 25. Qh6 Qf8 26. Qxf8 Rcxf8
27. Rab1 a4 28. Nh2 Rg7 29. Rf1 Rfg8 30. f4 Nh5 31. Ne2 exf4 32. Nxf4 Nhf6
33. Ne2 Re8 34. Nd4 Ba6 35. Rfe1 Nc5 36. Ng4 Nxg4 37. hxg4 Nd7 38. Nc6 Ne5
39. Nxe5 Rxe5 40. Rf1 Re7 41. Rf6 Rd7 42. e5 Rg8 43. Rbf1 Kg7 44. g5 Bb7
45. Rxd6 Rxd6 46. exd6 Rd8 47. Rf6 Bxd5 48. Bd1 Be6 49. Kh2 Rxd6 50. Bg4
Kf8 51. Bxe6 Rxe6 52. Kg3 Ke7 53. Rf4 Re2 54. Rh4 Rxb2 55. Rxh7 Rb3 56. Kf2
Rxc3 57. Rh1 Rxa3 58. g4 b4 59. Rb1 b3 60. Ke3 c3 61. Kd3 c2 62. Re1+ Kf8
63. Kd2 b2 64. Kxc2 Ra1 65. Rb1 Rxb1 { White resigns } 0-1

[Event "ICC tourney 2161 (75 10)"]
[Site "Internet Chess Club"]
[Date "2020.11.27"]
[Round "1"]
[White "Purushottam123"]
[Black "RatislavK"]
[Result "1/2-1/2"]
[ICCResult "Game drawn by mutual agreement"]
[WhiteElo "1572"]
[BlackElo "1191"]
[Opening "Sicilian defense"]
[ECO "B30"]
[NIC "SI.31"]
[Time "11:04:42"]
[PlyCount "165"]
[TimeControl "4500+10"]


1. e4 c5 2. Nf3 Nc6 3. Nc3 e5 4. Bb5 d6 5. d3 a6 6. Bxc6+ bxc6 7. h3 g6 8.
Bg5 Ne7 9. Bf6 Rg8 10. Qd2 Bg7 11. Bxg7 Rxg7 12. Qh6 Kf8 13. Ng5 Kg8 14.
O-O Bd7 15. f4 f6 16. Nf3 Kh8 17. Qh4 Ng8 18. Nd2 g5 19. fxg5 fxg5 20. Qg3
g4 21. h4 Nf6 22. Qf2 Nh5 23. g3 Qe7 24. Nc4 Be6 25. Ne3 Rf7 26. Qg2 Raf8
27. Rxf7 Rxf7 28. Rf1 Qb7 29. b3 Qd7 30. Rxf7 Qxf7 31. Qf2 Kg7 32. Qxf7+
Kxf7 33. Kf2 Nf6 34. Na4 h5 35. Nb6 Ne8 36. a4 Nc7 37. Nec4 Ke7 38. Na5 Bd7
39. Ke3 d5 40. Nb7 d4+ 41. Ke2 Ne6 42. Nc4 Bc8 43. Nba5 Nd8 44. Nxe5 Kd6
45. Ng6 Bd7 46. Nc4+ Kc7 47. Nf4 Be8 48. Ne5 Kd6 49. Nc4+ Ke7 50. Ne5 Ne6
51. Ng2 Kf6 52. Nc4 Ke7 53. Kf2 Kf6 54. Nd6 Bg6 55. Nb7 Ke5 56. Na5 Be8 57.
Ke2 Kf6 58. Kd1 Ke5 59. Kc1 Kf6 60. Nc4 Ke7 61. e5 Nf8 62. Nf4 Nd7 63. Kd2
Bf7 64. e6 Bxe6 65. Na5 Ne5 66. Nxh5 Bf7 67. Nf4 Kf6 68. Ke2 Kf5 69. Nb7
Nd7 70. Nd8 Bg8 71. Nxc6 Bf7 72. Ne7+ Kf6 73. Ned5+ Kf5 74. Nc7 Nb8 75. Kf2
a5 76. Nb5 Nc6 77. Nd6+ Kf6 78. Nb7 Nb4 79. Nxc5 Nxc2 80. Ne4+ Ke5 81. Nc5
Na1 82. Nb7 Nxb3 83. h5 { Game drawn by mutual agreement } 1/2-1/2